 Dungeon Crawl Stone Soup version 0.27.1-34-g3ba077fa99 (webtiles) character file.

Game seed: 4067014945722312116

23 ohmi the Vexing (level 3, 0/26 HPs)
             Began as a Formicid Arcane Marksman on Jan 13, 2022.
             Was a Believer of Lugonu.
             Slain by an adder (2 damage)
             ... on level 2 of the Dungeon.
             The game lasted 00:09:27 (1180 turns).

ohmi the Vexing (Formicid Arcane Marksman)          Turns: 1180, Time: 00:09:28

Health: 0/26       AC:  2    Str: 14    XL:     3   Next: 10%
Magic:  4/4        EV: 12    Int: 13    God:    Lugonu [**....]
Gold:   95         SH:  0    Dex: 11    Spells: 3/4 levels left

rFire    . . .     SeeInvis +   e - +0 short sword
rCold    . . .     Faith    .   (no shield)
rNeg     . . .     Spirit   .   d - +0 robe
rPois    .         Reflect  .   (helmet unavailable)
rElec    .         Harm     .   g - scarf {shadows}
rCorr    .         Rampage  .   (no gloves)
Will     .....                  (no boots)
Stlth    ++........             (no amulet)
HPRegen  0.08/turn              (no ring)
MPRegen  0.09/turn              (no ring)

@: lethally poisoned (0 -> -6)
A: permanent stasis, dig shafts and tunnels, antennae 3, four strong arms
a: Dig, Shaft Self, Renounce Religion, Depart the Abyss, Bend Space


You were on level 2 of the Dungeon.
You worshipped Lugonu.
Lugonu was pleased with you.
You visited 1 branch of the dungeon, and saw 2 of its levels.

You collected 95 gold pieces.

Inventory:

Hand Weapons
 a - a +0 hand crossbow
 e - a +0 short sword (weapon)
Missiles
 b - 15 poisoned darts (quivered)
 c - 16 bolts
Armour
 d - a +0 robe (worn)
 g - a scarf of shadows (worn)


   Skills:
 - Level 1.1 Fighting
 + Level 2.0 Crossbows
 - Level 1.7 Dodging
 - Level 3.0 Stealth
 + Level 1.2 Spellcasting
 + Level 3.7 Hexes


You had 3 spell levels left.
You knew the following spells:

 Your Spells              Type           Power      Damage    Failure   Level
a - Corona                Hex            11%        N/A       6%          1

Your spell library contained the following spells:

 Spells                   Type           Power      Damage    Failure   Level
 Slow                     Hex            10%        N/A       9%          2
 Inner Flame              Hex/Fire       5%         N/A       36%         3
 Portal Projectile        Hex/Tloc       10%        N/A       36%         3
 Cause Fear               Hex            5%         N/A       52%         4


Dungeon Overview and Level Annotations

Branches:
Dungeon (2/15)

Altars:
Lugonu


Innate Abilities, Weirdness & Mutations

You cannot be hasted, slowed, berserked, paralysed or teleported.
You can dig through walls and to a lower floor.
You have a pair of large antennae on your head. (SInv)
Your four strong arms can wield two-handed weapons with a shield.


Message History

You see here a +0 ring mail.
You now have 95 gold pieces (gained 9).
You sense a monster nearby.
An adder comes into view.
Found 9 gold pieces.
The adder hisses angrily.
e - a +0 short sword (weapon)
You closely miss the adder. The adder barely misses you. The adder bites you.
You closely miss the adder. The adder barely misses you.
You barely miss the adder. The adder bites you.
You are poisoned.
The adder poisons you! The adder barely misses you.
You hit the adder but do no damage.
You feel sick. The adder bites you.
You are more poisoned.
The adder poisons you!
You miss the adder.
You feel sick. The adder misses you. The adder bites you but does no damage.
You hit the adder.
The adder is lightly wounded.
You feel sick. The adder barely misses you.
You closely miss the adder.
The adder is lightly wounded.
You feel sick. The adder closely misses you. x2
You hit the adder but do no damage.
The adder is lightly wounded.
You feel sick. The adder bites you.
You completely miss the adder.
The adder is lightly wounded.
You feel sick. The adder bites you but does no damage. The adder bites you.
* * * LOW HITPOINT WARNING * * *
You are lethally poisoned!
The adder poisons you!
* * * LOW HITPOINT WARNING * * *
You feel sick.
Unknown command.
It was a potion of berserk rage.
Your stasis prevents you from going berserk.
* * * LOW HITPOINT WARNING * * *
You feel sick. The adder bites you.
You die...

...........###..
.##.##.#.......
............####
###.#..........#
.....#.#..#.#.#
...........#.#.#
........#..#...#
.......##.##..#
####+#....S@..#
$...#.##.## ##
#. #..# #. ##.#
#. .. ## ...
....


You could see an adder.

Vanquished Creatures
  A worm (D:2)
  A dart slug (D:1)
  4 bats
  An endoplasm (D:1)
  A goblin (D:1)
  2 hobgoblins (D:1)
  3 ball pythons (D:1)
  A frilled lizard (D:1)
  3 kobolds (D:1)
  A rat (D:1)
18 creatures vanquished.

Vanquished Creatures (others)
  A demonic plant (D:1)
1 creature vanquished.

Grand Total: 19 creatures vanquished

Notes
Turn   | Place    | Note
-------+----------+-------------------------------------------
     0 | D:1      | ohmi the Formicid Arcane Marksman began the quest for the
                  | Orb.
     0 | D:1      | Reached XP level 1. HP: 15/15 MP: 2/2
    43 | D:1      | Reached skill level 1 in Stealth
   116 | D:1      | Reached XP level 2. HP: 15/21 MP: 3/3
   274 | D:1      | Found a faded altar of an unknown god.
   284 | D:1      | Became a worshipper of Lugonu the Unformed
   284 | D:1      | Reached * piety under Lugonu
   284 | D:1      | Reached ** piety under Lugonu
  1143 | D:2      | Reached XP level 3. HP: 26/26 MP: 4/4
  1180 | D:2      | Slain by an adder

Illustrated notes

Levels and vault maps discovered:
D:1:      elethiomel_arrival_quiet, layout_basic,
          dreamdust_ecumenical_altar_sealed_demon, grunt_decor_cap
D:2:      layout_basic, minivault_14, lightli_corner_chamber, uniq_terence,
          uniq_sigmund

Skill      XL: |  1  2 |
---------------+-------+-----
Stealth        | 2 3 |  3.0
Fighting       | |  1.1
Crossbows      | |  2.0
Dodging        | |  1.7
Spellcasting   | |  1.2
Hexes          | |  3.7

Action                   || total
-------------------------++-------
Melee: Short sword       ||    59
 Fire: Hand crossbow     ||    17
Throw: Dart              ||     7
  Use: Potion            ||     1
 Stab: Sleeping          ||     1
Armor: Robe              ||    23
Dodge: Dodged            ||    47
